 Dungeon Crawl Stone Soup version 0.30-a0-743-gbfdf073431 (webtiles) character file.

Game seed: 11272089265008304273

170 Dittersdorf the Trooper (level 5, -2/34 HPs)
             Began as a Gargoyle Fighter on Feb 7, 2023.
             Slain by an ogre
             ... wielding a +0 giant club
              (13 damage)
             ... on level 3 of the Dungeon.
             The game lasted 00:03:05 (2803 turns).

Dittersdorf the Trooper (Gargoyle Fighter)          Turns: 2803, Time: 00:03:06

Health: -2/34      AC: 15    Str: 22    XL:     5   Next: 51%
Magic:  5/5        EV:  7    Int:  8    God:
Gold:   243        SH:  5    Dex: 15    Spells: 4/4 levels left

rFire   . . .      SeeInvis .    a - +0 flail
rCold   . . .      Faith    .    c - +0 buckler
rNeg    + . .      Spirit   .    s - +0 chain mail
rPois   ∞          Reflect  .    w - +0 helmet
rElec   +          Harm     .    (no cloak)
rCorr   .          Rampage  .    u - +0 pair of gloves
Will    .....                    (no boots) Stlth
                                 (no amulet)
HPRegen 0.25/turn                q - +6 ring of dexterity
MPRegen 0.09/turn                (no ring)

@: no status effects
A: sickness immunity, AC +4, negative energy resistance 1, electricity
resistance, torment resistance 1, petrification resistance
a: no special abilities


You were on level 3 of the Dungeon.
You visited 1 branch of the dungeon, and saw 4 of its levels.

You collected 243 gold pieces.

Inventory:

Hand Weapons
 a - a +0 flail (weapon)
Missiles
 l - a throwing net
 v - 2 poisoned darts (quivered)
Armour
 c - a +0 buckler (worn)
 s - a +0 chain mail (worn)
 t - a +0 plate armour
 u - a +0 pair of gloves (worn)
 w - a +0 helmet (worn)
Jewellery
 q - a +6 ring of dexterity (left hand)
Scrolls
 b - a scroll of enchant weapon {unknown}
 f - a scroll of magic mapping {unknown}
 h - a scroll of poison {unknown}
 i - a scroll of enchant armour {unknown}
 j - a scroll of fear {unknown}
 k - 2 scrolls of teleportation {unknown}
 m - 5 scrolls of identify {unknown}
 o - a scroll of fog {unknown}
 p - a scroll of noise {unknown}
 x - a scroll of immolation {unknown}
 y - 2 scrolls of vulnerability {unknown}
 A - a scroll of summoning {unknown}
Potions
 d - a potion of might
 e - a potion of curing {unknown}
 g - a potion of cancellation {unknown}
 n - 2 potions of heal wounds {unknown}
 r - a potion of attraction {unknown}
 z - a potion of haste {unknown}


   Skills:
 + Level 4.4 Fighting
 + Level 3.2 Maces & Flails
 + Level 4.3 Armour
 + Level 4.3 Shields


You had 4 spell levels left.
You didn't know any spells.
Your spell library contained the following spells:

 Spells                   Type           Power      Damage    Failure   Level
 Magic Dart               Conj           0%         1d3       99%         1
 Searing Ray              Conj           0%         2d4       100%        2
 Fulminant Prism          Conj/Hex       0%         3d5       100%        4


Dungeon Overview and Level Annotations

Branches:
Dungeon (4/15)
 Temple: D:4-7

Altars:
Cheibriados
Hepliaklqana
Xom


Innate Abilities, Weirdness & Mutations

You are immune to sickness and miasma.
Your stone body is resilient. (AC +4)
You are immune to poison.
You resist negative energy. (rN+)
You are resistant to electric shocks. (rElec)
You are resistant to unholy torment.
You are immune to petrification.


Message History

The ogre shouts!
You hit the orc.
You kill the orc!
An orc comes into view. It is wielding a +0 hand axe.
You sock the orc!
You kill the orc!
An orc priest comes into view. It is wielding a +0 short sword.
You closely miss the orc.
The orc priest shouts!
The orc closely misses you. The orc completely misses you.
You barely miss the orc. The orc hits you but does no damage.
You barely miss the orc. You block the orc's attack.
You barely miss the ogre.
The ogre hits you with a +0 giant club!!
Ouch! That really hurt!
* * * LOW HITPOINT WARNING * * *
The orc hits you but does no damage.
The orc priest casts a cantrip, but nothing happens.
The orc barely misses you.
You are too injured to fight recklessly!
You are too injured to fight recklessly!
You are too injured to fight recklessly!
You are too injured to fight recklessly!
You are too injured to fight recklessly!
You are too injured to fight recklessly!
You are too injured to fight recklessly!
You are too injured to fight recklessly!
You are too injured to fight recklessly!
You are too injured to fight recklessly!
You are too injured to fight recklessly!
You are too injured to fight recklessly!
You are too injured to fight recklessly!
You are too injured to fight recklessly!
You are too injured to fight recklessly!
You are too injured to fight recklessly!
You block the ogre's attack. The orc hits you but does no damage.
You climb upwards.
There is a stone staircase leading down here.
The ogre attacks as you move away! The ogre hits you with a +0 giant club!
You die...

#.# #####.#..~..P##..# ##...
#.#
####.##...~~~~.##..#####....
#.#
#....####P~~~~.##.....##...#
#.#
#.######..~~~~......####..##
#.#
#.........÷~~~.###..####...#
#.# #.######...~P..#
#....##._.# ##.###.#
#####.#.# #.#####...#
#...##.##########.#.###.#
#####
................@o......#
######
#...##.####..####O..#####
#.#..## ##.###.......# #..##
####.#.... #.#
#.####.#####..# #......###
#)# #.............#
#.####.### ##.#
##.....######.# #.####....
##.# #.##### #.# #.........
##.# #.# #.# #..#####.# ##.#
#.# #.# #..# #.#


You could see an ogre and an orc.

Vanquished Creatures
  A scorpion zombie (D:3)
  5 adders
  2 adder zombies (D:3)
  2 adder skeletons (D:3)
  A dart slug (D:2)
  3 orcs
  5 endoplasms
  2 giant cockroaches
  5 goblins
  3 hobgoblins
  8 jackals
  6 quokkas
  8 ball pythons
  12 bats
  A frilled lizard (D:1)
  A giant cockroach zombie (D:3)
  8 kobolds
  7 rats
80 creatures vanquished.

Vanquished Creatures (others)
  2 withered plants (D:3)
2 creatures vanquished.

Grand Total: 82 creatures vanquished

Notes
Turn   | Place    | Note
-------+----------+-------------------------------------------
     0 | D:1      | Dittersdorf the Gargoyle Fighter began the quest for the
                  | Orb.
     0 | D:1      | Reached XP level 1. HP: 14/14 MP: 1/1
   112 | D:1      | Reached XP level 2. HP: 19/19 MP: 2/2
   278 | D:1      | Found a faded altar of an unknown god.
   335 | D:1      | Reached XP level 3. HP: 20/23 MP: 3/3
  1215 | D:2      | Reached XP level 4. HP: 29/29 MP: 4/4
  1909 | D:3      | Found a shimmering altar of Xom.
  1910 | D:3      | Found a snail-covered altar of Cheibriados.
  2235 | D:3      | Reached XP level 5. HP: 27/33 MP: 5/5
  2599 | D:3      | Found a hazy altar of Hepliaklqana.
  2793 | D:4      | Noticed an ogre
  2803 | D:3      | Slain by an ogre

Illustrated notes

Levels and vault maps discovered:
D:1:      minmay_arrival_loop, layout_basic,
          hellmonk_ecumenical_altar_inner_sanctum, solitary_fountain,
          minmay_splitting_lines, minmay_box_of_dots
D:2:      layout_basic, eino_tiny_chamber
D:3:      layout_loops_ring, nicolae_hepliaklqana_hippocampus,
          amethyst_overflow_temple_binary, serial_undead, serial_undead_f,
          serial_undead_e, serial_undead_a, serial_undead_e,
          minmay_increasing_density
D:4:      layout_loops_ring

Skill      XL: |  1  2  3  4 |
---------------+-------------+-----
Fighting       | 4 |  4.4
Armour         | 4 |  4.3
Shields        | 4 |  4.3
Maces & Flails | 3 |  3.2

Action                     |  1- 3 |  4- 6 || total
---------------------------+-------+-------++-------
  Melee: Flail             |   155 |   126 ||   281
 Armour: Scale mail        |   103 |    23 ||   126
         Chain mail        |       |    65 ||    65
  Dodge: Dodged            |    99 |    67 ||   166
  Block: Buckler           |    45 |    45 ||    90

Table legend: (Time is in decaauts)
 A = Elapsed time spent in this place.
 B = Non-inter-level travel time spent in this place.
 C = Inter-level travel time spent in this place.
 D = Time resting spent in this place.
 E = Time spent auto-exploring this place.
 F = Levels seen in this place.
 G = Mean time per level.
                   A        B        C        D        E       F      G
               +--------+--------+--------+--------+--------+-----+--------+
         Total |   2890 |   2759 |    131 |     67 |   2052 |   4 |  722.5 |
       Dungeon |   2890 |   2759 |    131 |     67 |   2052 |   4 |  722.5 |
               +--------+--------+--------+--------+--------+-----+--------+

Top non-repeatable levels by time:
     D:1: 1166 daAuts
     D:3: 952 daAuts
     D:2: 758 daAuts
     D:4: 12 daAuts
